 Dungeon Sprint DCSS version 0.21-a0-437-ge5bf024 (webtiles) character file.

2975 theanonym the Warrior (level 9, 0/75 HPs)
             Began as a Gargoyle Fighter on Nov 9, 2017.
             Was a Priest of Trog.
             Killed from afar by an orc warrior (21 damage)
             ... with an exploding inner flame
             ... hexed by the player character
             ... in the Dungeon (Sprint III: "The Ten Rune Challenge").
             The game lasted 00:07:22 (1563 turns).

theanonym the Warrior (Gargoyle Fighter)            Turns: 1563, Time: 00:07:23

Health: 0/75       AC: 15    Str: 24    XL:     9   Next: 82%
Magic:  9/9        EV:  7    Int:  8    God:    Trog [***...]
Gold:   29         SH:  9    Dex:  9    Spells: 8/8 levels left

rFire    . . .     SeeInvis .   a - +0 flail
rCold    . . .     Gourm    .   c - +0 shield
rNeg     + . .     Faith    .   k - +0 scale mail
rPois    ∞         Spirit   .   (helmet restricted)
rElec    +         Reflect  .   (no cloak)
rCorr    .         Harm     .   (no gloves)
MR       .....     NoTele   +   (no boots)
Stlth    ..........             (no amulet)
HPRegen  0.22/turn              (no ring)
MPRegen  0.11/turn              (no ring)

@: berserk cooldown, slowed, very slow
A: horns 1, thin metallic scales 1, negative energy resistance 1, electricity
resistance, wild magic 1, unbreathing, petrification resistance, rot immunity,
AC +6
a: Berserk, Trog's Hand, Burn Spellbooks, Renounce Religion


Innate Abilities, Weirdness & Mutations

You are resistant to torment.
Your stone body is resilient. (AC +6)
You are immune to poison.
You resist negative energy. (rN+)
You are resistant to electric shocks. (rElec)
You can survive without breathing.
You are immune to petrification.
You are immune to rotting.
You have a pair of small horns on your head.
You are partially covered in thin metallic scales. (AC +2)
Your spells are a little harder to cast, but a little more powerful.


   Skills:
 + Level 17.2 Fighting
 - Level 14.2 Maces & Flails
 - Level 3.2 Armour
 - Level 3.2 Shields


You had 8 spell levels left.
You didn't know any spells.

Skill      XL: |  1  2  3  4  5  6  7  8  9 |
---------------+----------------------------+-----
Maces & Flails | 3 6 8 12 13 14 | 14.2
Fighting       | 4 5 7 10 11 15 17 | 17.2
Armour         | |  3.2
Shields        | |  3.2

Action                   |  1- 3 |  4- 6 |  7- 9 || total
-------------------------+-------+-------+-------++-------
Melee: Flail             |    19 |    48 |   106 ||   173
       Headbutt          |       |       |    18 ||    18
Invok: Berserk           |       |       |     3 ||     3
       Trog's Hand       |       |       |     3 ||     3
  Use: Scroll            |     1 |     3 |     1 ||     5
       Potion            |     2 |     6 |     5 ||    13
  Eat: Bread ration      |       |       |     1 ||     1
Armor: Scale mail        |     5 |     5 |    25 ||    35
Dodge: Dodged            |     3 |    11 |    24 ||    38
Block: Shield            |     9 |     9 |    27 ||    45

Inventory:

Hand Weapons
 a - a +0 flail (weapon)
Armour
 c - a +0 shield (worn)
 k - a +0 scale mail (worn)
Wands
 e - a wand of iceblast (2/15)
   (You found it in the Dungeon)
Scrolls
 b - a scroll of blinking
 l - 3 scrolls of remove curse
 o - a scroll of holy word
Potions
 d - 2 potions of mutation
 i - 2 potions of magic
Books
 g - a book of Cantrips
   (You found it in the Dungeon)

   Spells                             Type                      Level
   a - Confusing Touch                Hexes                        1
   b - Animate Skeleton               Necromancy                   1
   c - Summon Small Mammal            Summoning                    1
   d - Apportation                    Translocation                1
   Trog disapproves of the use of such an item.
Miscellaneous
 j - a crystal ball of energy
   (You found it in the Dungeon)
Comestibles
 f - a bread ration
 m - a meat ration
 p - 2 royal jellies

Dungeon Overview and Level Annotations

Branches:
Dungeon (1/1)

Altars:
Cheibriados
Dithmenos
Elyvilon
Fedhas
Gozag
Hepliaklqana
Kikubaaqudgha
Makhleb
Nemelex Xobeh
Okawaru
Qazlal
Ru
Sif Muna
Trog
Uskayaw
Vehumet
Wu Jian
Xom
Yredelemnul
Zin
The Shining One
Beogh
Jiyva
Lugonu

Shops:
D *   You were in the Dungeon.   You worshipped Trog.
Trog was most pleased with you.   You were near starving.
You visited 1 branch   You collected 29 gold pieces.


Message History

You kill the orc priest!
Trog accepts your kill.
The orc sorcerer hits you but does no damage.
Items here: )))) [ † You barely miss the orc sorcerer.
An orc warrior comes into view. It is wielding a mace.
You hit the orc sorcerer. Your headbutt misses the orc sorcerer.
The orc sorcerer gestures at you while chanting.
You resist with almost no effort.
You hit the orc sorcerer. Your headbutt misses the orc sorcerer.
The orc warrior moves out of view.
You barely miss the orc sorcerer. Your headbutt misses the orc sorcerer.
You are near starving!
The orc sorcerer mumbles some strange words.
You barely miss the orc sorcerer.
An orc comes into view.
The orc shouts!
You bludgeon the orc sorcerer!!
You hear a shout! x2
The orc sorcerer points at you and mumbles some strange words.
The bolt of fire hits you!
* * * LOW HITPOINT WARNING * * *
The hellwing swoops through the air toward you!
You block the hellwing's attack. The hellwing hits you.
* * * LOW HITPOINT WARNING * * *
The orc moves out of view.
You hear a shout!
You take 42 damage, and have 22/109 hp.
MASSIVE DAMAGE!!
You miss the orc sorcerer.
Your skin stops crawling.
You feel less resistant to hostile enchantments.
The orc priest closely misses you.
You barely miss the orc sorcerer. You block the orc sorcerer's attack.
The hellwing hits you but does no damage.
The hellwing barely misses you.
You closely miss the orc sorcerer. Your headbutt misses the orc sorcerer.
The orc priest hits you but does no damage.
You hit the orc sorcerer. You block the orc sorcerer's attack.
You block the hellwing's attack.
The hellwing hits you but does no damage.
You thump the orc sorcerer!
You kill the orc sorcerer!
Trog accepts your kill.
Trog appreciates your killing of a magic user.
You can now call in reinforcements.
The hellwing disappears in a puff of smoke!
Your Fighting skill increases to level 17!
You are no longer berserk.
You are exhausted.
You feel yourself slow down.
The orc priest hits you but does no damage.
You now have 16/75 hp.
Your skin crawls.
You feel resistant to hostile enchantments.
You feel somewhat more hungry.
You can no longer call in reinforcements.
You block the orc priest's attack. The orc hits you but does no damage.
You regained 2 hp, and now have 18/75 hp.
You hit the orc priest. Your headbutt misses the orc priest.
The orc priest casts a cantrip, but nothing happens.
Your shield prevents you from hitting the orc priest.
The orc priest no longer looks unusually strong.
The orc no longer looks unusually strong.
The orc priest mumbles some strange prayers to Beogh against you.
You resist with almost no effort.
You regained 2 hp, and now have 21/75 hp.
Things that are here:
a trident; an orc corpse You barely miss the orc warrior.
The orc warrior hits you with a mace.
* * * LOW HITPOINT WARNING * * *
You hit the orc warrior but do no damage.
You feel the effects of Trog's Hand fading.
You regained 2 hp, and now have 25/75 hp.
You hit the orc warrior.
You headbutt the orc warrior, but do no damage.
You block the orc warrior's attack.
You regained 2 hp, and now have 27/75 hp.
You closely miss the orc warrior.
The orc no longer looks unusually strong.
You block the orc warrior's attack.
You hit the orc warrior. The orc warrior hits you with a mace!
* * * LOW HITPOINT WARNING * * *
You take 9 damage, and have 19/75 hp.
Okay, then.
You hit the orc warrior. Your headbutt misses the orc warrior.
You block the orc warrior's attack.
You regained 2 hp, and now have 21/75 hp.
As you read the scroll of immolation, it crumbles to dust.
The creatures around you are filled with an inner flame!
Your skin stops crawling.
You feel less resistant to hostile enchantments.
The orc warrior barely misses you.
You completely miss the orc warrior. You block the orc warrior's attack.
You barely miss the orc warrior. You headbutt the orc warrior.
The orc warrior hits you with a mace.
* * * LOW HITPOINT WARNING * * *
You bludgeon the orc warrior!!
The orc warrior explodes!
The fiery explosion engulfs you!
You die...

.#..###'#'###)##$oooo
'#..#..........#....
#..)'.⌠........#.$$
#...#...######'#.$
....#.⌠.#__#...#'########
....#...#__#...#oo..#.#.
....#)###__#...##)#o.#.#
....#.):#__#...'##o#.#.#
....#___#__'...#@§o#..#
▓▓▓▓▓▓▓▓▓▓▓▓▓▓▓▓▓▓▓▓▓▓▓


You could see an orc priest (inner flame) and 2 orcs.

Notes
Turn   | Place    | Note
-------+----------+-------------------------------------------
     0 | D        | theanonym the Gargoyle Fighter began the quest for the Orb.
     0 | D        | Reached XP level 1. HP: 14/14 MP: 1/1
    15 | D        | Reached skill level 3 in Maces & Flails
    39 | D        | Reached skill level 4 in Fighting
    55 | D        | Reached XP level 2. HP: 20/20 MP: 2/2
    62 | D        | Noticed a scorpion
    69 | D        | Killed a scorpion
    69 | D        | Reached skill level 5 in Fighting
    69 | D        | Reached skill level 6 in Maces & Flails
    69 | D        | Reached XP level 3. HP: 21/27 MP: 3/3
    69 | D        | Reached XP level 4. HP: 25/32 MP: 4/4
    75 | D        | Reached skill level 6 in Fighting
   112 | D        | Killed a hellion
   113 | D        | Killed a hellion
   125 | D        | Killed a hellion
   132 | D        | Killed a yaktaur
   161 | D        | Killed a hellion
   175 | D        | Noticed a water elemental
   176 | D        | Killed a white draconian scorcher
   177 | D        | HP: 15/48 [water elemental (10)]
   182 | D        | Killed a water elemental
   182 | D        | Reached skill level 7 in Fighting
   182 | D        | Reached skill level 8 in Maces & Flails
   182 | D        | Reached XP level 5. HP: 13/38 MP: 5/5
   195 | D        | Killed a white draconian scorcher
   199 | D        | Killed a hellion
   258 | D        | Killed a hellion
   412 | D        | Found a radiant altar of Vehumet.
   412 | D        | Found a deep blue altar of Sif Muna.
   412 | D        | Found an ancient bone altar of Kikubaaqudgha.
   421 | D        | Noticed a soul eater
   421 | D        | HP: 26/57 [wizard/bolt of cold (11)]
   425 | D        | Noticed a sun demon
   426 | D        | Noticed a hellwing
   426 | D        | HP: 9/57 [soul eater[a kobold demonologist] (14)]
   427 | D        | Reached skill level 9 in Maces & Flails
   668 | D        | Found a glowing silver altar of Zin.
   668 | D        | Found a glowing golden altar of the Shining One.
   668 | D        | Found a white marble altar of Elyvilon.
   669 | D        | Noticed a deep elf mage
   684 | D        | HP: 19/39 [deep elf mage/bolt of lightning (9)]
   692 | D        | HP: 13/39 [deep elf mage/bolt of lightning (10)]
   703 | D        | Killed a deep elf mage
   703 | D        | Reached skill level 10 in Fighting
   703 | D        | Reached skill level 12 in Maces & Flails
   703 | D        | Reached XP level 6. HP: 20/48 MP: 6/6
   703 | D        | Reached XP level 7. HP: 22/53 MP: 7/7
   704 | D        | Gained mutation: You possess an exceptional clarity of mind. [potion of mutation]
   704 | D        | Gained mutation: Your magical capacity is low. (-10% MP) [potion of mutation]
   704 | D        | Gained mutation: Your magical capacity is very low. (-20% MP) [potion of mutation]
   704 | D        | Gained mutation: Your muscles are strong. (Str +2) [potion of mutation]
   705 | D        | Lost mutation: Your muscles are strong. (Str +2) [potion of mutation]
   705 | D        | Lost mutation: You possess an exceptional clarity of mind. [potion of mutation]
   705 | D        | Lost mutation: Your magical capacity is very low. (-20% MP) [potion of mutation]
   705 | D        | Gained mutation: You are clumsy. (Dex -2) [potion of mutation]
   705 | D        | Gained mutation: Your spells are a little harder to cast, but a little more powerful. [potion of mutation]
   706 | D        | Lost mutation: Your magical capacity is low. (-10% MP) [potion of mutation]
   706 | D        | Lost mutation: You are clumsy. (Dex -2) [potion of mutation]
   706 | D        | Gained mutation: You are partially covered in thin metallic scales. (AC +2) [potion of mutation]
   706 | D        | Gained mutation: You have a pair of small horns on your head. [potion of mutation]
   883 | D        | Found an ornate altar of the Wu Jian Council.
   883 | D        | Found a roughly hewn altar of Beogh.
   883 | D        | Found an iron altar of Okawaru.
   883 | D        | Found a bloodstained altar of Trog.
   883 | D        | Found a hide-covered altar of Uskayaw.
   883 | D        | Noticed a human
   884 | D        | Noticed a human
   896 | D        | Killed a human
   896 | D        | Reached skill level 13 in Maces & Flails
   898 | D        | HP: 22/53 [human (8)]
   907 | D        | HP: 9/53 [human (6)]
   912 | D        | HP: 9/53 [human (2)]
   913 | D        | Killed a human
   913 | D        | Reached skill level 11 in Fighting
   913 | D        | Reached XP level 8. HP: 10/60 MP: 8/8
   916 | D        | Became a worshipper of Trog the Wrathful
  1161 | D        | Found a basalt altar of Yredelemnul.
  1161 | D        | Found a shadowy altar of Dithmenos.
  1161 | D        | Found a sacrificial altar of Ru.
  1177 | D        | Reached * piety under Trog
  1185 | D        | Noticed a shadow
  1188 | D        | Killed a shadow
  1188 | D        | Reached skill level 14 in Maces & Flails
  1237 | D        | Found a blossoming altar of Fedhas.
  1237 | D        | Found a stormy altar of Qazlal.
  1238 | D        | Found a snail-covered altar of Cheibriados.
  1238 | D        | Found a burning altar of Makhleb.
  1238 | D        | Found a hazy altar of Hepliaklqana.
  1238 | D        | Found a shimmering altar of Xom.
  1238 | D        | Found an opulent altar of Gozag.
  1238 | D        | Found a sparkling altar of Nemelex Xobeh.
  1238 | D        | Found a corrupted altar of Lugonu.
  1238 | D        | Found a viscous altar of Jiyva.
  1246 | D        | HP: 27/60 [spatial vortex (5)]
  1252 | D        | Reached ** piety under Trog
  1252 | D        | Reached skill level 12 in Fighting
  1430 | D        | Reached skill level 13 in Fighting
  1506 | D        | Found Guynk's General Store.
  1506 | D        | Noticed an orc knight
  1506 | D        | Noticed an orc high priest
  1507 | D        | Noticed an orc sorcerer
  1507 | D        | Noticed an orc high priest
  1522 | D        | Killed an orc high priest
  1522 | D        | Reached skill level 15 in Fighting
  1522 | D        | Reached XP level 9. HP: 71/71 MP: 9/9
  1533 | D        | Killed an orc knight
  1533 | D        | Reached *** piety under Trog
  1533 | D        | Reached skill level 16 in Fighting
  1542 | D        | Noticed a hellwing
  1543 | D        | HP: 28/109 [orc sorcerer/bolt of fire (37)]
  1548 | D        | Killed an orc sorcerer
  1548 | D        | Reached **** piety under Trog
  1548 | D        | Reached skill level 17 in Fighting
  1553 | D        | HP: 22/75 [orc warrior/mace (2)]
  1558 | D        | HP: 19/75 [orc warrior/mace (10)]
  1563 | D        | Killed from afar by an orc warrior

Vanquished Creatures
  An orc high priest (D)
  A deep elf mage (D)
  An orc knight (D)
  An orc sorcerer (D)
  A shadow (D)
  A spatial vortex (D)
  A necrophage (D)
  3 two-headed ogres (D)
  A water elemental (D)
  A scorpion (D)
  An orc priest (D)
  A jelly (D)
  A wizard (D)
  A necromancer (D)
  3 humans (D)
  A kobold demonologist (D)
  An ooze (D)
  An orc (D)
  3 rats (D)
25 creatures vanquished.

Vanquished Creatures (others)
  2 draconian scorchers (D)
  6 hellions (D)
  A yaktaur (D)
  4 plants (D)
13 creatures vanquished.

Grand Total: 38 creatures vanquished
